| TOP OF THE 1ST |
|
Atlanta (MID) Braves batting - Pitching for Fort Wayne TinCaps : RHP Liam Tate
|
|
Pitching: RHP Liam Tate
|
|
|
Batting: RHB Toki Takeuchi
|
0-0: Foul Ball, location: 2F 0-1: Swinging Strike 0-2: Strikes out swinging
|
|
Batting: RHB Nick Holsinger
|
0-0: SINGLE (Groundball, 5D, EV 101.9 MPH)
|
|
Batting: RHB Zheng-ze King
|
0-0: Called Strike 0-1: Foul Ball, location: 2F 0-2: Strikes out swinging
|
|
Batting: SHB Richello Badua
|
0-0: Called Strike 0-1: Ball 1-1: 2-RUN HOME RUN (Flyball, 9D, EV 105.0 MPH), Distance : 394 ft
|
|
Batting: RHB Josh McCormick
|
0-0: Called Strike 0-1: Ball 1-1: Ball 2-1: Ball 3-1: Swinging Strike 3-2: Strikes out swinging
|
| Top of the 1st over - 2 runs, 2 hits, 0 errors, 0 left on base; Atlanta (MID) 2 - Fort Wayne 0 |
| BOTTOM OF THE 1ST |
|
Fort Wayne TinCaps batting - Pitching for Atlanta (MID) Braves : RHP Rashid bin Ala'
|
|
Pitching: RHP Rashid bin Ala'
|
|
|
Batting: SHB Detlef Oursler
|
0-0: Ball 1-0: Ball 2-0: Ball 3-0: Called Strike 3-1: Fly out, F8 (Flyball, 8LM, EV 82.5 MPH)
|
|
Batting: LHB Tony Contreras
|
0-0: Called Strike 0-1: Ball 1-1: Fly out, F9 (Flyball, 9LM, EV 94.4 MPH)
|
|
Batting: LHB Sean Trueblood
|
0-0: Ball 1-0: Called Strike 1-1: Swinging Strike 1-2: Ball 2-2: SINGLE (Line Drive, 78S, EV 91.9 MPH)
|
|
Batting: LHB Justin Alworth
|
0-0: Foul Ball, location: 2F 0-1: Ball 1-1: SINGLE (Line Drive, 7S, EV 105.0 MPH) Sean Trueblood to second
|
|
Batting: SHB Cesar Arteaga
|
0-0: Ball 1-0: Ball 2-0: Called Strike 2-1: Fly out, F7 (Line Drive, 78M, EV 99.4 MPH)
|
| Bottom of the 1st over - 0 runs, 2 hits, 0 errors, 2 left on base; Atlanta (MID) 2 - Fort Wayne 0 |
| TOP OF THE 2ND |
|
Atlanta (MID) Braves batting - Pitching for Fort Wayne TinCaps : RHP Liam Tate
|
|
Batting: LHB Oke Monti
|
0-0: Ball 1-0: Ground out U3 (Groundball, 3, EV 82.5 MPH)
|
|
Batting: LHB Ryan Murdock
|
0-0: Ball 1-0: Called Strike 1-1: Foul Ball, location: 2F 1-2: Ball 2-2: Foul Ball, location: 2F 2-2: Foul Ball, location: 2F 2-2: Ground out 6-3 (Groundball, 6, EV 88.1 MPH)
|
|
Batting: RHB Phil Holman
|
0-0: Swinging Strike 0-1: Ball 1-1: Ball 2-1: Foul Ball, location: 2F 2-2: Foul Ball, location: 2F 2-2: Strikes out swinging
|
| Top of the 2nd over - 0 runs, 0 hits, 0 errors, 0 left on base; Atlanta (MID) 2 - Fort Wayne 0 |
| BOTTOM OF THE 2ND |
|
Fort Wayne TinCaps batting - Pitching for Atlanta (MID) Braves : RHP Rashid bin Ala'
|
|
Batting: RHB Adrian Cook
|
0-0: Ball 1-0: Fly out, F1 (Popup, P, EV 81.9 MPH)
|
|
Batting: RHB Brian Klinkner
|
0-0: Foul Ball, location: 2F 0-1: Foul Ball, location: 2F 0-2: Fly out, F7 (Flyball, 78M, EV 84.4 MPH)
|
|
Batting: RHB Danny Gallegos
|
0-0: Called Strike 0-1: Swinging Strike 0-2: Foul Ball, location: 2F 0-2: Ball 1-2: Foul Ball, location: 2F 1-2: Foul Ball, location: 2F 1-2: DOUBLE (Flyball, 78XD, EV 99.4 MPH)
|
|
Batting: RHB Ricky Trejo
|
0-0: Called Strike 0-1: Ball 1-1: Swinging Strike 1-2: Strikes out swinging
|
| Bottom of the 2nd over - 0 runs, 1 hit, 0 errors, 1 left on base; Atlanta (MID) 2 - Fort Wayne 0 |
| TOP OF THE 3RD |
|
Atlanta (MID) Braves batting - Pitching for Fort Wayne TinCaps : RHP Liam Tate
|
|
Batting: LHB Joe Phillips
|
0-0: Ground out U3 (Groundball, 3, EV 101.2 MPH)
|
|
Batting: RHB Toki Takeuchi
|
0-0: Called Strike 0-1: Ball 1-1: Foul Ball, location: 2F 1-2: Foul Ball, location: 2F 1-2: Ball 2-2: Strikes out swinging
|
|
Batting: RHB Nick Holsinger
|
0-0: Ball 1-0: Ball 2-0: Called Strike 2-1: Foul Ball, location: 2F 2-2: Foul Ball, location: 2F 2-2: Foul Ball, location: 2F 2-2: Foul Ball, location: 2F 2-2: Ball 3-2: Foul Ball, location: 2F 3-2: Strikes out swinging
|
| Top of the 3rd over - 0 runs, 0 hits, 0 errors, 0 left on base; Atlanta (MID) 2 - Fort Wayne 0 |
| BOTTOM OF THE 3RD |
|
Fort Wayne TinCaps batting - Pitching for Atlanta (MID) Braves : RHP Rashid bin Ala'
|
|
Batting: SHB Detlef Oursler
|
0-0: Ball 1-0: Ball 2-0: Ball 3-0: Base on Balls
|
|
Batting: LHB Tony Contreras
|
0-0: Called Strike Detlef Oursler steals 2nd base (no throw) 0-1: Fly out, F7 (Flyball, 78S, EV 88.1 MPH)
|
|
Batting: LHB Sean Trueblood
|
0-0: Called Strike 0-1: Ball 1-1: Ground out 5-3 (Groundball, 5L, EV 79.4 MPH)
|
|
Batting: LHB Justin Alworth
|
0-0: Called Strike 0-1: Ball 1-1: Ball 2-1: Foul Ball, location: 2F 2-2: Ground out U3 (Groundball, 34S, EV 84.4 MPH)
|
| Bottom of the 3rd over - 0 runs, 0 hits, 0 errors, 1 left on base; Atlanta (MID) 2 - Fort Wayne 0 |
| TOP OF THE 4TH |
|
Atlanta (MID) Braves batting - Pitching for Fort Wayne TinCaps : RHP Liam Tate
|
|
Batting: RHB Zheng-ze King
|
0-0: Ball 1-0: Ground out 6-3 (Groundball, 6, EV 104.4 MPH)
|
|
Batting: SHB Richello Badua
|
0-0: Called Strike 0-1: Ball 1-1: Ball 2-1: Ball 3-1: Base on Balls
|
|
Batting: RHB Josh McCormick
|
0-0: Called Strike 0-1: Foul Ball, location: 2F 0-2: Ball 1-2: Foul Ball, location: 2F 1-2: Strikes out swinging
|
|
Batting: LHB Oke Monti
|
0-0: Ball 1-0: Ball Richello Badua steals 2nd base 2-0: Fly out, F9 (Flyball, 9D, EV 91.9 MPH)
|
| Top of the 4th over - 0 runs, 0 hits, 0 errors, 1 left on base; Atlanta (MID) 2 - Fort Wayne 0 |
| BOTTOM OF THE 4TH |
|
Fort Wayne TinCaps batting - Pitching for Atlanta (MID) Braves : RHP Rashid bin Ala'
|
|
Batting: SHB Cesar Arteaga
|
0-0: Foul Ball, location: 2F 0-1: Ground out 4-3 (Groundball, 4, EV 105.0 MPH)
|
|
Batting: RHB Adrian Cook
|
0-0: Ground out 1-3 (Groundball, 13S, EV 61.9 MPH)
|
|
Batting: RHB Brian Klinkner
|
0-0: Called Strike 0-1: Ball 1-1: Swinging Strike 1-2: Ball 2-2: Fly out, F6 (Popup, 6, EV 59.4 MPH)
|
| Bottom of the 4th over - 0 runs, 0 hits, 0 errors, 0 left on base; Atlanta (MID) 2 - Fort Wayne 0 |
| TOP OF THE 5TH |
|
Atlanta (MID) Braves batting - Pitching for Fort Wayne TinCaps : RHP Liam Tate
|
|
Batting: LHB Ryan Murdock
|
0-0: Called Strike 0-1: Ground out 3-1 (Groundball, 34, EV 81.9 MPH)
|
|
Batting: RHB Phil Holman
|
0-0: Foul Ball, location: 2F 0-1: Ball 1-1: Swinging Strike 1-2: Ground out 5-3 (Groundball, 56, EV 89.4 MPH)
|
|
Batting: LHB Joe Phillips
|
0-0: Ball 1-0: Foul Ball, location: 2F 1-1: Ball 2-1: Swinging Strike 2-2: Ball 3-2: Foul Ball, location: 2F 3-2: Strikes out swinging
|
| Top of the 5th over - 0 runs, 0 hits, 0 errors, 0 left on base; Atlanta (MID) 2 - Fort Wayne 0 |
| BOTTOM OF THE 5TH |
|
Fort Wayne TinCaps batting - Pitching for Atlanta (MID) Braves : RHP Rashid bin Ala'
|
|
Batting: RHB Danny Gallegos
|
0-0: Foul Ball, location: 2F 0-1: Ground out U3 (Groundball, 13, EV 88.1 MPH)
|
|
Batting: RHB Ricky Trejo
|
0-0: Ball 1-0: Foul Ball, location: 2F 1-1: DOUBLE (Line Drive, 78D, EV 109.4 MPH)
|
|
Batting: SHB Detlef Oursler
|
0-0: Called Strike 0-1: Ball Ricky Trejo is caught stealing 3rd base 2-5 1-1: Ball 2-1: Ground out 4-3 (Groundball, 4, EV 91.2 MPH)
|
| Bottom of the 5th over - 0 runs, 1 hit, 0 errors, 0 left on base; Atlanta (MID) 2 - Fort Wayne 0 |
| TOP OF THE 6TH |
|
Atlanta (MID) Braves batting - Pitching for Fort Wayne TinCaps : RHP Liam Tate
|
|
Batting: RHB Toki Takeuchi
|
0-0: Ball 1-0: Ground out 6-3 (Groundball, 6, EV 87.5 MPH)
|
|
Batting: RHB Nick Holsinger
|
0-0: Ball 1-0: Foul Ball, location: 2F 1-1: Ground out 2-3 (Groundball, 2L, EV 69.4 MPH)
|
|
Batting: RHB Zheng-ze King
|
0-0: Ball 1-0: Called Strike 1-1: Called Strike 1-2: Ground out 4-3 (Groundball, 4S, EV 94.4 MPH)
|
| Top of the 6th over - 0 runs, 0 hits, 0 errors, 0 left on base; Atlanta (MID) 2 - Fort Wayne 0 |
| BOTTOM OF THE 6TH |
|
Fort Wayne TinCaps batting - Pitching for Atlanta (MID) Braves : RHP Rashid bin Ala'
|
|
Batting: LHB Tony Contreras
|
0-0: Ball 1-0: Fly out, F8 (Flyball, 8LM, EV 95.0 MPH)
|
|
Batting: LHB Sean Trueblood
|
0-0: Ball 1-0: Foul Ball, location: 2F 1-1: Called Strike 1-2: Ball 2-2: Foul Ball, location: 2F 2-2: Ground out U3 (Groundball, 34S, EV 74.4 MPH)
|
|
Batting: LHB Justin Alworth
|
0-0: Swinging Strike 0-1: Foul Ball, location: 2F 0-2: Strikes out swinging
|
| Bottom of the 6th over - 0 runs, 0 hits, 0 errors, 0 left on base; Atlanta (MID) 2 - Fort Wayne 0 |
| TOP OF THE 7TH |
|
Atlanta (MID) Braves batting - Pitching for Fort Wayne TinCaps : RHP Liam Tate
|
|
Pitching: RHP Phil Holmes
|
|
|
Batting: SHB Richello Badua
|
0-0: Ball 1-0: Foul Ball, location: 2F 1-1: Ball 2-1: Ball 3-1: Foul Ball, location: 2F 3-2: Base on Balls
|
|
Batting: RHB Josh McCormick
|
0-0: Fly out, F7 (Flyball, 78S, EV 83.8 MPH)
|
|
Batting: LHB Oke Monti
|
0-0: Ball Richello Badua is caught stealing 2nd base 2-6 1-0: Foul Ball, location: 2F 1-1: Foul Ball, location: 2F 1-2: Strikes out swinging
|
| Top of the 7th over - 0 runs, 0 hits, 0 errors, 0 left on base; Atlanta (MID) 2 - Fort Wayne 0 |
| BOTTOM OF THE 7TH |
|
Fort Wayne TinCaps batting - Pitching for Atlanta (MID) Braves : RHP Rashid bin Ala'
|
|
Batting: SHB Cesar Arteaga
|
0-0: Called Strike 0-1: Ball 1-1: Ground out 6-3 (Groundball, 6, EV 84.4 MPH)
|
|
Batting: RHB Adrian Cook
|
0-0: Ground out 4-3 (Groundball, 4S, EV 65.6 MPH)
|
|
Batting: RHB Brian Klinkner
|
0-0: Ball 1-0: Ball 2-0: Ball 3-0: Called Strike 3-1: Foul Ball, location: 2F 3-2: Ground out 6-3 (Groundball, 6, EV 83.1 MPH)
|
| Bottom of the 7th over - 0 runs, 0 hits, 0 errors, 0 left on base; Atlanta (MID) 2 - Fort Wayne 0 |
| TOP OF THE 8TH |
|
Atlanta (MID) Braves batting - Pitching for Fort Wayne TinCaps : RHP Phil Holmes
|
|
Batting: LHB Ryan Murdock
|
0-0: Swinging Strike 0-1: Fly out, F5 (Line Drive, 56, EV 104.4 MPH)
|
|
Batting: RHB Phil Holman
|
0-0: Called Strike 0-1: Ground out 5-3 (Groundball, 5S, EV 74.4 MPH)
|
|
Batting: LHB Joe Phillips
|
0-0: Fly out, F6 (Popup, 6, EV 67.5 MPH)
|
| Top of the 8th over - 0 runs, 0 hits, 0 errors, 0 left on base; Atlanta (MID) 2 - Fort Wayne 0 |
| BOTTOM OF THE 8TH |
|
Fort Wayne TinCaps batting - Pitching for Atlanta (MID) Braves : RHP Rashid bin Ala'
|
|
Now at 3B: Malik Boulay
|
|
|
Now in LF: George Provance
|
|
|
Batting: RHB Danny Gallegos
|
0-0: Ground out U3 (Groundball, 34, EV 105.0 MPH)
|
|
Batting: RHB Ricky Trejo
|
0-0: Foul Ball, location: 2F 0-1: Foul Ball, location: 2F 0-2: Ball 1-2: Ball 2-2: Foul Ball, location: 2F 2-2: Strikes out looking
|
|
Batting: SHB Detlef Oursler
|
0-0: Foul Ball, location: 2F 0-1: Foul Ball, location: 2F 0-2: Foul Ball, location: 2F 0-2: Ball 1-2: Fly out, F9 (Flyball, 9, EV 90.0 MPH)
|
| Bottom of the 8th over - 0 runs, 0 hits, 0 errors, 0 left on base; Atlanta (MID) 2 - Fort Wayne 0 |
| TOP OF THE 9TH |
|
Atlanta (MID) Braves batting - Pitching for Fort Wayne TinCaps : RHP Phil Holmes
|
|
Pitching: RHP Jose Ramos
|
|
|
Batting: RHB Toki Takeuchi
|
0-0: Called Strike 0-1: Fly out, F6 (Line Drive, 56D, EV 73.1 MPH)
|
|
Batting: RHB Nick Holsinger
|
0-0: Called Strike 0-1: Swinging Strike 0-2: Strikes out looking
|
|
Batting: RHB Zheng-ze King
|
0-0: Called Strike 0-1: Swinging Strike 0-2: Ball 1-2: Strikes out looking
|
| Top of the 9th over - 0 runs, 0 hits, 0 errors, 0 left on base; Atlanta (MID) 2 - Fort Wayne 0 |
| BOTTOM OF THE 9TH |
|
Fort Wayne TinCaps batting - Pitching for Atlanta (MID) Braves : RHP Rashid bin Ala'
|
|
Batting: LHB Tony Contreras
|
0-0: Ball 1-0: Ball 2-0: Fly out, F8 (Flyball, 89S, EV 86.9 MPH)
|
|
Batting: LHB Sean Trueblood
|
0-0: Fly out, F7 (Flyball, 7LM, EV 92.5 MPH)
|
|
Batting: LHB Justin Alworth
|
0-0: Ground out 6-3 (Groundball, 6, EV 85.0 MPH)
|
| Bottom of the 9th over - 0 runs, 0 hits, 0 errors, 0 left on base; Atlanta (MID) 2 - Fort Wayne 0 |
|